 Dungeon Crawl Stone Soup version 0.31.0-2-g5a2aebc5c2 (webtiles) character file.

Game seed: 556843118825716902

4910 Gobbopathe the Fighter (level 10, -8/74 HPs)
             Began as an Octopode Shapeshifter on Jan 20, 2024.
             Was a Believer of Wu Jian.
             Mangled by a troll (11 damage)
             ... on level 10 of the Dungeon.
             The game lasted 00:31:41 (9279 turns).

Gobbopathe the Fighter (Octopode Shapeshifter)      Turns: 9279, Time: 00:31:41

Health: -8/74      AC:  1    Str: 19    XL:     10   Next: 51%
Magic:  10/10      EV: 17    Int: 12    God:    Wu Jian [**....]
Gold:   600        SH:  0    Dex: 17    Spells: 8/9 levels left

rFire   + .          .
                       - Unarmed
rCold   . . .        (no shield)
rNeg    . . .        (helmet currently unavailable)
rPois   .            (no amulet)
rElec   .            p - +6 ring of dexterity
rCorr   .            e - ring of protection from fire
SInv    .            (no ring)
Will    .....        (no ring)
Stlth   ++++         (no ring)
HPRegen 0.32/turn    (no ring)
MPRegen 0.12/turn    (no ring)
                     (no ring)

%: no passive effects
@: about to teleport, beast-form
A: beast (slay +3), almost no armour, amphibious, 8 rings, camouflage 1,
gelatinous body 1, (nimble swimmer 1), tentacles
a: Begin Untransformation, Renounce Religion, Wall Jump


You were on level 10 of the Dungeon.
You worshipped Wu Jian.
Wu Jian was pleased with you.
You were a hulking beast.
You visited 2 branches of the dungeon, and saw 12 of its levels.

You collected 600 gold pieces.

Inventory:

Hand Weapons
 b - a +1 sling of flaming
 g - the +0 war axe "Beetlebane" {flame, rCorr}
   (You found it on level 5 of the Dungeon)

   rCorr:     It protects you from acid and corrosion.
 D - a +0 arbalest
 L - a +0 shortbow
Missiles
 h - 62 stones
 x - 20 poisoned darts
 C - 2 javelins (quivered)
 I - 3 curare-tipped darts
 K - 4 boomerangs
Armour
 P - a +0 buckler
Magical Staves
 f - a staff of alchemy
 H - a staff of earth
Jewellery
 e - a ring of protection from fire (right tentacle)
 p - a +6 ring of dexterity (left tentacle)
Talismans
 c - a flux talisman
 s - a beast talisman
 G - a maw talisman
 O - a blade talisman
Wands
 v - a wand of digging (2)
 y - a wand of flame (8)
 J - a wand of iceblast (9)
 M - a wand of polymorph (13)
Scrolls
 d - 4 scrolls of immolation
 j - 3 scrolls of fog
 k - a scroll of brand weapon {unknown}
 m - 4 scrolls of vulnerability
 o - a scroll of fear {unknown}
 t - a scroll of teleportation
 B - a scroll of enchant weapon {unknown}
 E - a scroll of noise {unknown}
 F - 2 scrolls of poison {unknown}
Potions
 a - a potion of mutation {unknown}
 i - 3 potions of cancellation
 l - a potion of enlightenment {unknown}
 n - 2 potions of resistance
 q - 5 potions of curing
 r - a potion of might {unknown}
 u - 3 potions of attraction
 w - a potion of heal wounds
 z - a potion of haste {unknown}
 A - a potion of degeneration {unknown}
 N - a potion of invisibility {unknown}


   Skills:
 * Level 9.5 Fighting
 + Level 6.8 Dodging
 - Level 5.0 Stealth
 + Level 7.2 Unarmed Combat
 + Level 6.7 Shapeshifting


You had 8 spell levels left.
You knew the following spells:

 Your Spells              Type           Power      Damage    Failure   Level
a - Apportation           Tloc           0%         N/A       32%         1

Your spell library contained the following spells:

 Spells                   Type           Power      Damage    Failure   Level
 Sandblast                Erth           0%         2d4       32%         1
 Jinxbite                 Hex            0%         N/A       45%         2
 Call Canine Familiar     Summ           0%         N/A       69%         3
 Passwall                 Erth           0%         N/A       69%         3
 Sigil of Binding         Hex            0%         N/A       69%         3
 Stone Arrow              Conj/Erth      0%         3d7       69%         3
 Summon Ice Beast         Ice/Summ       0%         N/A       69%         3
 Brom's Barrelling Bould  Conj/Erth      0%         2d3       97%         4
 Dimensional Bullseye     Hex/Tloc       0%         N/A       97%         4
 Alistair's Intoxication  Alch           0%         N/A       100%        5
 Summon Mana Viper        Hex/Summ       0%         N/A       100%        5
 Monstrous Menagerie      Summ           0%         N/A       100%        7


Dungeon Overview and Level Annotations

Branches:
Dungeon (11/15) Zot: 26710  Temple (1/1) D:6 Zot: 5861
   Lair: D:8-11         Orc: D:9-12

Altars:
Ashenzari
Cheibriados
Dithmenos
Elyvilon
Fedhas
Gozag
Hepliaklqana
Kikubaaqudgha
Makhleb
Nemelex Xobeh
Okawaru
Qazlal
Ru
Sif Muna
Trog
Uskayaw
Vehumet
Wu Jian
Xom
Yredelemnul
Zin
The Shining One

Annotations:
D:3 2 transporters
D:6 Grinder
D:9 exclusion: 5 yaks
D:11 exclusion: efreet


Innate Abilities, Weirdness & Mutations

You are a hulking beast.
Your limbs bulge with bestial killing power. (Slay +3)
You cannot wear most types of armour.
You are amphibious.
You can wear up to eight rings at the same time.
Your skin changes colour to match your surroundings (Stealth+).
Your rubbery body absorbs attacks. (AC +1, EV +1)
((You are camouflaged when in or above water. (Stealth+)))
You have tentacles for arms and can constrict up to eight enemies at once.


Message History

You hear an angry hiss.
The troll attacks as it pursues you! The troll barely misses you. x2
The troll closely misses you. The troll attacks as it pursues you!
The troll misses you. The troll claws you but does no damage.
The troll completely misses you. The troll attacks as it pursues you!
The troll bites you! The troll claws you! The troll claws you.
You completely miss the troll.
The troll is lightly wounded.
The troll closely misses you. The troll completely misses you.
The troll barely misses you.
You bludgeon the troll!
The troll is moderately wounded.
The troll closely misses you. The troll claws you!
* * * LOW HITPOINT WARNING * * *
The troll claws you!
* * * LOW HITPOINT WARNING * * *
You feel much better.
The troll misses you. x2; The troll closely misses you.
You feel much better. The troll misses you. The troll barely misses you.
The troll misses you.
You barely miss the troll.
The troll is moderately wounded.
The troll barely misses you. x2; The troll claws you!
You closely miss the troll.
The troll is moderately wounded.
The troll misses you. The troll claws you. The troll claws you!
* * * LOW HITPOINT WARNING * * *
You feel much better. The troll bites you! The troll misses you.
The troll closely misses you.
As you read the scroll of teleportation, it crumbles to dust.
You feel strangely unstable. The troll closely misses you. The troll claws you!
* * * LOW HITPOINT WARNING * * *
The troll claws you!
* * * LOW HITPOINT WARNING * * *
You barely miss the troll.
The troll is lightly wounded.
The troll attacks as it pursues you! The troll barely misses you.
The troll closely misses you. The troll barely misses you.
The troll attacks as it pursues you! The troll bites you!
You die...

##.....###..
. #.........
..
##....###.
[.. #D§..#
..
#..§.###.#
#>...§...#
#...§.####
######.##
#.hT.D.# ###
#.###### #.#
#.# #.# #<#
#.## #.#
#..## #.#
#...# #.#
#.#.# ..###
#.# #.#.#
..y. #.#
#.#.#


You could see a troll and a steam dragon.

Vanquished Creatures
  A two-headed ogre (D:9)
  Pikel (D:5)
  Joseph (D:7)
  2 water moccasins
  2 orc warriors
  A black bear (D:8)
  2 sky beasts
  6 centaurs
  A phantom (D:6)
  7 bullfrogs
  2 kobold brigands
  A gnoll sergeant (D:10)
  4 scorpions
  12 killer bees
  A bombardier beetle (D:5)
  A jelly (D:6)
  Crazy Yiuf (D:3)
  2 gnoll boudas
  2 orc priests
  6 hounds
  An iguana (D:5)
  A sleepcap (D:5)
  Natasha (thrice) (D:3)
  3 orc wizards
  15 gnolls
  5 adders
  A shadow imp (D:6)
  A white imp (D:6)
  2 ufetubi (D:6)
  2 dart slugs
  2 ribbon worms
  11 orcs
  4 ball pythons
  3 endoplasms
  3 giant cockroaches
  6 goblins
  7 hobgoblins
  3 jackals (D:4)
  12 kobolds
  6 quokkas
  5 bats
  2 frilled lizards
  6 rats
160 creatures vanquished.

Notes
Turn   | Place    | Note
-------+----------+-------------------------------------------
     0 | D:1      | Gobbopathe the Octopode Shapeshifter began the quest for
                  | the Orb.
     0 | D:1      | Reached XP level 1. HP: 13/13 MP: 1/1
    54 | D:1      | Reached XP level 2. HP: 13/18 MP: 2/2
   132 | D:1      | Reached skill level 1 in Stealth
   208 | D:1      | You fall into a shaft and drop 1 floor!
   535 | D:1      | Reached XP level 3. HP: 24/24 MP: 3/3
   772 | D:1      | Reached skill level 2 in Fighting
  1124 | D:2      | Found a shimmering blue altar of Sif Muna.
  1583 | D:2      | Reached XP level 4. HP: 30/30 MP: 4/4
  2157 | D:3      | Found a transporter.
  2158 | D:3      | Found a hazy altar of Hepliaklqana.
  2238 | D:3      | Noticed Natasha
  2246 | D:3      | Killed Natasha
  2319 | D:3      | Noticed Natasha
  2332 | D:3      | Killed Natasha
  2333 | D:3      | Reached XP level 5. HP: 24/36 MP: 5/5
  2398 | D:3      | Found a runed translucent door.
  2399 | D:3      | Noticed Crazy Yiuf
  2405 | D:3      | Killed Crazy Yiuf
  2406 | D:3      | Reached skill level 3 in Fighting
  2522 | D:3      | Found a transporter.
  2746 | D:3      | Noticed Natasha
  2757 | D:3      | Killed Natasha
  3045 | D:5      | Entered Level 5 of the Dungeon
  3047 | D:5      | Identified the +0 war axe "Beetlebane" {flame, rCorr}
  3099 | D:5      | Reached XP level 6. HP: 41/42 MP: 6/6
  3503 | D:5      | Found a blossoming altar of Fedhas.
  3970 | D:5      | Reached skill level 4 in Fighting
  3970 | D:5      | Reached XP level 7. HP: 42/48 MP: 7/7
  4852 | D:6      | Noticed Grinder
  4959 | D:6      | Reached skill level 5 in Fighting
  5050 | D:6      | Found a staircase to the Ecumenical Temple.
  5058 | Temple   | Entered the Ecumenical Temple
  5127 | Temple   | Became a worshipper of the Wu Jian Council
  5202 | D:6      | Noticed Pikel
  5204 | D:6      | Reached XP level 8. HP: 55/55 MP: 8/8
  5306 | D:6      | Reached skill level 5 in Stealth
  5364 | D:5      | Killed Pikel
  5365 | D:5      | Reached skill level 6 in Fighting
  5365 | D:5      | Reached skill level 5 in Unarmed Combat
  5616 | D:6      | Reached skill level 5 in Shapeshifting
  5639 | D:6      | Reached skill level 5 in Dodging
  5643 | D:6      | Reached XP level 9. HP: 44/63 MP: 9/9
  5673 | D:6      | Learned a level 1 spell: Apportation
  5885 | D:7      | Reached skill level 7 in Fighting
  6240 | D:7      | Reached * piety under Wu Jian
  6306 | D:7      | Found a broken altar of Ashenzari.
  6310 | D:7      | Saw a vision of the Swamp and the Spider Nest.
  6310 | D:7      | Noticed a jorogumo
  6310 | D:7      | Noticed a demonic crawler
  6310 | D:7      | Noticed a wolf spider
  6310 | D:7      | Noticed a demonic crawler
  6310 | D:7      | Noticed a boulder beetle
  6310 | D:7      | Noticed a tarantella
  6310 | D:7      | Noticed a demonic crawler
  6310 | D:7      | Noticed an eleionoma
  6310 | D:7      | Noticed a spriggan rider
  6310 | D:7      | Noticed a spriggan druid
  6310 | D:7      | Noticed a tyrant leech
  6311 | D:7      | Noticed a tarantella
  6312 | D:7      | Noticed a tyrant leech
  6312 | D:7      | Noticed a bunyip
  6312 | D:7      | Noticed a tarantella
  6321 | D:7      | Noticed Joseph
  6612 | D:7      | Killed Joseph
  6840 | D:8      | Reached skill level 8 in Fighting
  6971 | D:8      | Found a white marble altar of Elyvilon.
  7222 | D:8      | Found a radiant altar of Vehumet.
  7523 | D:9      | Noticed a kobold demonologist
  7736 | D:10     | Entered Level 10 of the Dungeon
  8015 | D:9      | Reached XP level 10. HP: 70/73 MP: 10/10
  8110 | D:9      | Noticed a kobold demonologist
  8200 | D:9      | Noticed a two-headed ogre
  8207 | D:9      | Killed a two-headed ogre
  8208 | D:9      | Reached skill level 9 in Fighting
  8795 | D:9      | Reached ** piety under Wu Jian
  9270 | D:10     | HP: 2/74 [troll (14)]
  9276 | D:10     | HP: 2/74 [troll (11)]
  9279 | D:10     | Mangled by a troll

Illustrated notes

Levels and vault maps discovered:
D:1:      wander_arrival_peaceful_grave, layout_basic, hex_intersection
D:2:      layout_basic, basic_altar, serial_rivers,
          chequers_serial_rivers_micro_a, chequers_serial_rivers_micro_e,
          chequers_serial_rivers_small_b, chequers_serial_rivers_room_b
D:3:      gammafunk_wand_slinger, layout_basic, overflow_temple_1_default,
          uniq_natasha, uniq_crazy_yiuf_cottage
D:4:      layout_rooms
D:5:      layout_loops_ring, fedhas_altar_3, serial_aquarium,
          aquarium_bridge_long_separate [aquarium_subvault_bridge,
          aquarium_subvault_bridge, aquarium_subvault_balcony,
          aquarium_subvault_bridge, aquarium_subvault_balcony,
          aquarium_subvault_wall], aquarium_bridge_square
          [aquarium_subvault_bridge, aquarium_subvault_wall,
          aquarium_subvault_window, aquarium_subvault_balcony],
          aquarium_window_2, aquarium_window_corner, aquarium_view_2f,
          aquarium_view_2e, aquarium_balcony_double_1
D:6:      layout_cave_pools, minmay_temple_entry_glassed_door, kennysheep_nub,
          minmay_door_square, uniq_pikel, uniq_grinder
D:7:      layout_basic, grunt_ashenzari_visionary
          [grunt_ashenzari_visionary_swamp, grunt_ashenzari_visionary_spider],
          uniq_joseph
D:8:      layout_basic, vehumet_crystals, nicolae_overflow_crystal_walls
D:9:      layout_loops_cross
D:10:     layout_rooms
D:11:     layout_basic, hellmonk_lair_entry_icy, orc_0_dummy, uniq_sonja,
          uniq_erica
Temple:   minmay_temple_bridge_d

Skill      XL: |  1  2  3  4  5  6  7  8  9 10 |
---------------+-------------------------------+-----
Stealth        | 1 2 3 4 5 |  5.0
Fighting       | 2 3 4 5 6 8 9 |  9.5
Dodging        | 3 5 6 |  6.8
Unarmed Combat | 4 5 6 7 |  7.2
Shapeshifting  | 4 5 6 |  6.7

Action                     |  1- 3 |  4- 6 |  7- 9 | 10-12 || total
---------------------------+-------+-------+-------+-------++-------
  Melee: Unarmed           |    43 |    88 |   154 |    71 ||   356
         Constrict         |    11 |    25 |    41 |    15 ||    92
         Tentacles         |     9 |    24 |    53 |    12 ||    98
         Punch             |     2 |     2 |    11 |     2 ||    17
   Fire: Shortbow          |       |    12 |    49 |       ||    61
         Sling             |       |       |    15 |    13 ||    28
  Throw: Stone             |    11 |       |       |       ||    11
         Javelin           |       |     2 |     5 |     2 ||     9
         Dart              |       |       |     4 |       ||     4
Ability: Lunge             |       |       |    13 |     7 ||    20
         Whirlwind         |       |       |     2 |     1 ||     3
    Use: Scroll            |       |       |     9 |     1 ||    10
         Potion            |       |       |       |     5 ||     5
   Stab: Sleeping          |     6 |     5 |     3 |     1 ||    15
         Distracted        |       |     1 |       |     1 ||     2
 Armour: Skin              |    15 |    23 |    73 |    54 ||   165
  Dodge: Dodged            |    23 |    38 |   126 |    81 ||   268
